Map: Flooded City

Players

Crumbs - Winner!

  • Race: Terran Terran
  • League: Diamond
  • Spawn Location: 6:00

PjXc - Winner!

  • Race: Protoss Protoss
  • Spawn Location: 6:00

Alphalight

  • Race: Terran Terran
  • League: Gold
  • Spawn Location: 12:00

Metasapien

  • Race: Zerg Zerg
  • League: Platinum
  • Spawn Location: 12:00

VOD

Have the link to the VOD?

Description

Time

  • Played on: Sept. 18, 2017, 2:28 a.m.
  • Length: 20:31
Show
View Real Time Build Order
Export as new Build Order

Crumbs Terran - Winner!

Build Orders: MMM Bio 

Get SALT Encoding   

  12  0:02  SCV  
  13  0:21  Supply Depot  
  13  0:23  SCV  
  14  0:35  SCV  
  15  0:45  Barracks  
  15  0:47  SCV  
  16  0:59  SCV  
  17  1:23  Command Center  
  17  1:24  SCV  
  18  1:39  Orbital Command  
  18  1:42  Marine  
  18  1:46  Supply Depot  
  19  1:54  Refinery  
  19  2:00  Marine  
  20  2:11  SCV  
  21  2:18  Marine  
  22  2:24  SCV  
  23  2:36  SCV  
  23  2:37  Refinery  
  24  2:40  Orbital Command  
  24  2:48  SCV  
  24  2:49  Engineering Bay  
  24  2:50  Marine  
  26  2:59  Barracks  
  26  3:00  SCV  
  27  3:05  SCV  
  27  3:08  Factory  
  27  3:09  Marine  
  29  3:13  SCV  
  30  3:20  Missile Turret  
  30  3:22  SCV  
  30  3:25  SCV  
  32  3:27  Marine  
  34  3:34  SCV  
  34  3:46  Barracks Tech Lab  
  34  3:50  SCV x2, Barracks  
  34  3:54  Factory Tech Lab  
  36  3:59  Orbital Command, Starport  
  36  4:02  SCV x2  
  38  4:09  Stimpack  
  38  4:27  Barracks Reactor  
  38  4:30  SCV x2  
  40  4:39  Missile Turret  
  40  4:42  Starport Reactor, SCV x2  
  40  4:45  Barracks Reactor  
  42  4:54  SCV x2  
  42  4:55  Marine  
  45  5:00  Missile Turret  
  45  5:05  Marine  
  46  5:12  Supply Depot  
  46  5:13  Supply Depot  
  46  5:16  Missile Turret  
  46  5:19  Missile Turret  
  46  5:29  Supply Depot  
  46  5:30  Terran Infantry Weapons Level 1  
  46  5:31  Supply Depot  
  46  5:33  Marine x4  
  46  5:34  Siege Tank  
  53  5:49  Marine  
  54  5:51  Medivac, Marine  
  54  5:52  Marauder  
  54  5:53  SCV x2  
  54  5:55  Refinery  
  54  5:57  Refinery  
  61  6:05  SCV  
  61  6:08  Marine  
  61  6:09  Marine x3  
  61  6:10  Engineering Bay  
  66  6:13  Marine  
  66  6:14  Command Center  
  66  6:16  Barracks  
  66  6:17  Barracks  
  66  6:19  Supply Depot  
  66  6:26  Marine x2  
  66  6:31  Marauder  
  70  6:36  Siege Tank  
  70  6:37  Marine x2  
  75  6:41  Medivac x2, Supply Depot  
  75  6:44  Marine  
  75  6:46  Concussive Shells  
  80  6:47  SCV  
  80  6:48  SCV  
  80  6:52  Marauder  
  84  7:00  SCV x2  
  85  7:12  SCV x2  
  85  7:14  Terran Infantry Armor Level 1  
  87  7:20  Medivac x2  
  91  7:24  SCV x2  
  93  7:35  Supply Depot  
  93  7:36  SCV  
  94  7:39  Supply Depot  
  94  7:40  Factory  
  94  7:41  Supply Depot  
  94  7:44  Armory  
  94  7:46  Barracks Reactor  
  94  7:47  Barracks Tech Lab  
  94  7:50  Missile Turret  
  94  7:56  SCV x2  
  96  8:01  Marine x5  
  101  8:08  SCV x2  
  103  8:16  Siege Tank  
  103  8:19  Marine x5  
  111  8:21  SCV  
  111  8:22  Missile Turret  
  112  8:30  Missile Turret  
  111  8:36  Marine  
  112  8:51  Orbital Command  
  112  8:52  Missile Turret, SCV x2  
  114  8:56  Medivac x2  
  114  8:57  Marauder x2, Marine x6  
  128  9:04  SCV x2  
  130  9:14  Marine x2  
  130  9:15  Marine x3  
  130  9:16  SCV  
  108  9:32  Siege Tank  
  108  9:34  Marauder x2, Marine x6  
  108  9:38  Factory Tech Lab  
  121  9:39  SCV x3  
  121  9:45  Refinery  
  124  9:48  Terran Infantry Weapons Level 2  
  124  9:51  Marine  
  124  9:52  Marine x5  
  128  9:53  Terran Infantry Armor Level 2  
  130  10:01  Siege Tank  
  133  10:14  Siege Tank, SCV  
  133  10:15  SCV x2  
  113  10:24  Command Center  
  113  10:25  Marine  
  113  10:26  Marauder, Marine x6  
  113  10:28  SCV  
  108  10:43  Marine x5  
  108  10:44  Marine x2  
  108  10:47  Marauder  
  117  10:51  SCV x3  
  117  10:56  Supply Depot  
  120  10:57  Supply Depot  
  120  10:59  Combat Shields  
  120  11:00  Supply Depot  
  120  11:01  Marine x4  
  120  11:02  Siege Tank, Marauder  
  120  11:03  SCV x3  
  132  11:18  Medivac  
  134  11:31  Refinery x2  
  134  11:33  Marine  
  134  11:34  Marauder, Marine x6  
  118  11:51  Marine  
  118  11:52  Marine x4  
  118  11:53  Marauder  
  121  11:55  Marauder, Marine  
  116  12:09  Marine x3  
  116  12:10  Marine  
  119  12:17  Marauder, Marine x3  
  120  12:27  Marine x4  
  120  12:35  Marine x3  
  115  12:39  Marauder  
  113  12:45  Marine x4  
  113  12:47  SCV  
  113  12:48  Orbital Command  
  112  12:52  Marine  
  112  12:53  Marine x2  
  112  12:56  Terran Infantry Weapons Level 3  
  115  12:59  Marine  
  116  13:12  Refinery  
  116  13:17  Supply Depot  
  116  13:18  Supply Depot, Marine  
  116  13:19  Marauder, Marine x4  
  123  13:35  Command Center  
  123  13:37  Marauder, Marine x5  
  123  13:38  Marine  
  123  13:40  Marine  
  132  13:41  Supply Depot  
  132  13:50  Siege Tank  
  132  13:51  Siege Tank  
  132  13:55  Marine x6  
  141  13:58  Medivac x2, Marauder, Marine  
  149  14:12  Marine  
  149  14:13  Marine x5  
  149  14:17  Marauder  
  152  14:19  Marine  
  150  14:30  Marine x2  
  150  14:31  Marine x4  
  154  14:37  Marauder  
  154  14:38  Marauder  
  140  14:48  Marine x3  
  140  14:49  Marine x3  
  140  14:51  Siege Tank x2  
  151  14:58  Marine  
  151  14:59  Marine  
  153  15:06  Marine x5  
  153  15:07  Marine  
  136  15:16  Marauder  
  136  15:17  Marine  
  130  15:23  Siege Tank  
  130  15:24  Marine x6  
  135  15:30  Medivac x2  
  135  15:35  Marauder  
  141  15:37  Marine  
  141  15:42  Marine x6  
  145  15:55  Marine  
  145  15:56  Terran Vehicle Weapons Level 1, Marine  
  145  15:57  Terran Infantry Armor Level 3  
  147  15:59  Marine x2  
  147  16:00  Medivac x2, Starport, Marine x4  
  157  16:13  Marauder  
  157  16:14  Marine  
  157  16:17  Marine  
  161  16:30  Medivac  
  163  16:36  Refinery  
  159  17:06  Marauder, Marine  
  159  17:07  Marine x6  
  155  17:24  Marine x4  
  155  17:25  Marauder  
  155  17:28  Marauder  
  125  17:53  Marine x2  
  125  17:54  Marauder, Marine  
  117  17:58  Refinery  
  117  17:59  Orbital Command  
  117  18:01  Marauder, Marine x2  
  117  18:02  Siege Tank x2, Marine  
  128  18:11  Barracks x2, Marine x3  
  131  18:13  Barracks  
  131  18:15  Marauder, Barracks  
  131  18:18  Medivac x2, Marine  
  131  18:19  Marine  
  141  18:20  Marine  
  141  18:22  Marine  
  143  18:29  Marine x3  
  143  18:33  Starport Reactor  
  143  18:34  Siege Tank x2, Starport  
  147  18:36  Marine x3  
  147  18:38  Marine  
  147  18:40  Marauder  
  144  18:47  Marine x3  
  144  18:48  Medivac x2  
  145  18:54  Marauder, Marine x2  
  149  18:56  Marine  
  149  19:02  Marauder  
  146  19:04  Marine  
  146  19:05  Marine x2  
  148  19:12  Marine x2  
  148  19:14  Marine  
  148  19:16  Marauder  
  146  19:17  Medivac  
  146  19:18  Medivac  
  146  19:22  Marine x2  
  146  19:23  Marauder, Marine  
  152  19:30  Marine x2  
  153  19:31  Marine  
  153  19:36  Marine  
  151  19:40  Marine x3  
  151  19:44  Marauder  
  156  19:47  Medivac x2, Marine  
  156  19:48  Marine  
  156  19:49  Marine  
  163  19:54  Marine  
  163  19:58  Marine x3  
  167  20:05  Marine x3  
  167  20:07  Marine  
Show
View Real Time Build Order
Export as new Build Order

PjXc Protoss - Winner!

Build Orders:  

Get SALT Encoding   

  12  0:01  Probe (Chrono Boost)  
  13  0:11  Probe (Chrono Boost)  
  14  0:25  Pylon  
  14  0:40  Probe (Chrono Boost)  
  15  0:50  Probe (Chrono Boost)  
  15  0:51  Gateway  
  16  1:02  Assimilator  
  16  1:05  Probe (Chrono Boost)  
  16  1:08  Assimilator  
  16  1:09  Pylon  
  17  1:15  Probe (Chrono Boost)  
  17  1:17  Pylon  
  18  1:31  Probe (Chrono Boost)  
  19  1:42  Probe (Chrono Boost)  
  19  1:44  Cybernetics Core  
  20  1:52  Probe (Chrono Boost)  
  20  2:06  Forge  
  20  2:16  Gateway  
  20  2:19  Pylon  
  20  2:27  Mothership Core (Chrono Boost)  
  22  2:36  Stalker  
  25  2:51  Probe (Chrono Boost)  
  25  3:02  Probe (Chrono Boost)  
  26  3:07  Stalker  
  26  3:08  Stalker  
  26  3:12  Probe (Chrono Boost)  
  31  3:23  Probe (Chrono Boost)  
  31  3:26  Photon Cannon  
  32  3:37  Stalker  
  34  3:48  Pylon  
  34  3:53  Pylon  
  34  3:57  Stalker  
  36  4:22  Nexus  
  36  4:25  Probe (Chrono Boost)  
  37  4:42  Probe (Chrono Boost)  
  38  4:49  Pylon  
  38  4:53  Probe (Chrono Boost)  
  38  4:59  Twilight Council  
  39  5:05  Warp Gate  
  39  5:08  Stalker  
  41  5:20  Stargate  
  41  5:24  Probe (Chrono Boost)  
  42  5:35  Probe (Chrono Boost), Assimilator  
  43  5:39  Probe (Chrono Boost), Assimilator  
  44  5:45  Probe (Chrono Boost)  
  45  5:57  Photon Cannon  
  45  5:59  Pylon  
  45  6:08  Photon Cannon  
  45  6:37  Pylon  
  45  6:39  Pylon  
  45  6:43  Nexus  
  45  6:49  Pylon  
  45  6:52  Pylon  
  45  6:56  Assimilator  
  45  7:00  Assimilator  
  47  7:04  Probe x2 (Chrono Boost)  
  49  7:14  Probe (Chrono Boost), Blink  
  49  7:15  Probe (Chrono Boost)  
  49  7:25  Probe x2 (Chrono Boost), Dark Shrine  
  51  7:30  Fleet Beacon  
  51  7:34  Pylon  
  51  7:35  Probe (Chrono Boost)  
  51  7:36  Probe (Chrono Boost)  
  53  7:41  Stalker  
  55  7:46  Probe (Chrono Boost), Stalker  
  58  7:53  Probe (Chrono Boost)  
  58  7:56  Probe (Chrono Boost)  
  58  7:57  Probe (Chrono Boost)  
  61  8:04  Probe (Chrono Boost)  
  61  8:05  Photon Cannon  
  62  8:06  Probe (Chrono Boost)  
  62  8:08  Photon Cannon  
  69  8:35  Stalker x2  
  73  8:53  Gateway  
  73  8:54  Gateway  
  73  8:58  Gateway  
  73  9:00  Gateway  
  73  9:05  Gateway  
  73  9:09  Gateway  
  73  9:12  Gateway  
  73  9:22  Probe x3 (Chrono Boost)  
  76  9:33  Probe x3 (Chrono Boost)  
  79  9:43  Probe x2 (Chrono Boost)  
  81  9:48  Pylon  
  81  9:50  Pylon  
  81  10:04  Robotics Facility  
  81  10:05  Robotics Facility  
  81  10:06  Dark Templar x3  
  87  10:07  Dark Templar x3  
  87  10:08  Dark Templar x2, Robotics Facility  
  87  10:10  Archon  
  87  10:11  Archon x2  
  87  10:12  Archon  
  97  10:40  Dark Templar x4  
  97  10:41  Dark Templar x5  
  115  10:44  Archon x2  
  115  10:45  Archon x2  
  115  11:12  Observer x3  
  118  11:19  Robotics Bay  
  118  11:28  Nexus  
  118  11:31  Assimilator  
  118  11:33  Observer  
  118  11:35  Assimilator, Dark Templar x2  
  118  11:37  Zealot x2  
  118  11:38  Zealot x3  
  118  11:39  Pylon  
  133  11:42  Pylon  
  133  11:46  Pylon  
  107  11:49  Pylon  
  107  11:53  Pylon  
  72  12:20  Charge  
  68  12:27  Mothership Core (Chrono Boost)  
  68  12:29  Dark Templar x4  
  72  12:31  Zealot x3  
  72  12:32  Zealot x2  
  79  12:55  Probe x4 (Chrono Boost)  
  83  13:11  Colossus  
  89  13:18  Extended Thermal Lance  
  89  13:34  Stalker x3  
  89  13:35  Stalker  
  89  13:36  Nexus  
  89  13:37  Stalker  
  89  13:39  Archon, Assimilator  
  89  13:40  Archon  
  99  13:43  Assimilator  
  99  13:47  Pylon  
  99  13:48  Pylon  
  99  13:49  Stalker  
  99  13:51  Pylon, Stalker x3  
  99  13:53  Observer  
  108  14:01  Probe x3 (Chrono Boost)  
  111  14:07  Photon Cannon  
  105  14:11  Photon Cannon  
  105  14:14  Photon Cannon  
  91  14:31  Colossus x3  
  89  14:40  Probe x3 (Chrono Boost)  
  89  14:41  Probe (Chrono Boost)  
  91  14:51  Probe x4 (Chrono Boost)  
  95  14:55  Mothership Core (Chrono Boost)  
  95  14:58  Stalker  
  95  14:59  Stalker x4  
  99  15:00  Stalker  
  99  15:01  Probe (Chrono Boost)  
  102  15:21  Stalker x2  
  102  15:22  Stalker x4  
  112  15:43  Probe (Chrono Boost)  
  112  15:44  Probe x4 (Chrono Boost)  
  117  15:51  Colossus x2  
  129  15:58  Stalker  
  129  15:59  Stalker x2  
  129  16:00  Stalker  
  137  16:12  Observer  
  137  16:17  Stalker x3  
  137  16:18  Stalker  
  144  16:34  Observer  
  145  16:52  Colossus x2  
  157  16:54  Colossus  
  100  17:28  Stalker x5  
  100  17:29  Dark Templar x3  
  110  17:30  Dark Templar  
  112  17:50  Mothership Core (Chrono Boost)  
  114  18:04  Dark Templar x3  
  114  18:05  Dark Templar  
  122  18:07  Stalker x2  
  126  18:25  Colossus (Chrono Boost)  
  120  18:55  Dark Templar  
  120  18:56  Dark Templar x4  
  130  19:06  Colossus (Chrono Boost)  
  102  20:13  Dark Templar x4  
  102  20:14  Dark Templar x4  
Show
View Real Time Build Order
Export as new Build Order

Alphalight Terran 

Build Orders: Liberator Opening 

Get SALT Encoding   

  12  0:01  SCV  
  13  0:13  SCV  
  14  0:29  Refinery, Supply Depot  
  14  0:32  SCV  
  15  0:40  Supply Depot  
  15  0:55  Refinery  
  15  1:01  SCV  
  16  1:04  Barracks  
  16  1:13  SCV  
  17  1:26  SCV  
  18  1:38  SCV  
  19  1:45  Engineering Bay  
  19  1:52  Supply Depot  
  19  1:55  Factory  
  19  2:00  Barracks Reactor  
  19  2:10  Supply Depot  
  19  2:14  SCV  
  20  2:31  Missile Turret  
  20  2:32  SCV  
  21  2:45  Starport  
  21  2:51  SCV  
  22  3:14  SCV  
  23  3:22  Starport  
  23  3:30  Starport Reactor  
  23  3:33  Orbital Command  
  23  3:41  Starport  
  23  3:42  Widow Mine  
  25  3:54  Liberator  
  25  3:58  SCV  
  25  4:02  Liberator  
  26  4:09  Starport Tech Lab  
  26  4:13  Supply Depot  
  29  4:22  Supply Depot  
  29  4:23  Starport Tech Lab  
  32  4:29  Widow Mine  
  34  4:32  Liberator  
  37  4:57  Liberator  
  37  5:05  Command Center  
  37  5:18  Marine  
  37  5:19  Marine  
  36  6:15  Refinery  
  36  6:18  Fusion Core  
  36  6:19  SCV  
  37  6:34  Refinery  
  35  7:03  Marine x2  
  35  7:07  Orbital Command  
  35  7:11  SCV  
  36  7:23  SCV  
  36  7:27  Liberator  
  37  7:34  SCV  
  37  7:35  SCV  
  39  7:39  Factory Tech Lab  
  39  7:42  Battlecruiser  
  39  7:43  Battlecruiser  
  51  7:48  Marine x2  
  56  7:52  Supply Depot  
  56  8:01  Siege Tank  
  56  8:02  Bunker  
  56  8:03  SCV x2  
  61  8:15  SCV x2  
  63  8:42  Siege Tank  
  63  8:43  Marine  
  63  8:44  Marine  
  68  8:49  Battlecruiser  
  68  8:51  Bunker  
  74  9:03  SCV x2  
  74  9:07  Marine x2  
  75  9:20  Missile Turret  
  71  9:43  Command Center  
  71  9:47  Supply Depot  
  71  9:49  Command Center  
  71  9:54  Missile Turret  
  71  9:56  Missile Turret  
  71  10:00  Missile Turret  
  71  10:16  Missile Turret  
  71  10:21  Missile Turret  
  71  10:40  Missile Turret  
  71  10:45  Weapon Refit  
  71  10:55  Battlecruiser, SCV x2  
  79  11:03  Missile Turret  
  79  11:07  SCV  
  79  11:08  Missile Turret, SCV  
  81  11:12  Battlecruiser  
  81  11:13  Missile Turret  
  87  11:20  SCV x2  
  87  11:24  Missile Turret  
  89  11:30  SCV  
  89  11:32  SCV  
  70  12:27  Battlecruiser  
  76  12:36  Siege Tank  
  73  12:37  Marine x2  
  75  12:55  Starport Tech Lab, Marine x2  
  75  12:56  Starport Tech Lab  
  77  13:20  Marine x2  
  77  13:21  Siege Tank  
  77  13:25  Battlecruiser x2  
  94  13:32  Battlecruiser  
  100  13:42  Planetary Fortress  
  100  13:45  SCV  
  101  14:44  SCV  
  101  14:45  Medivac x2, SCV, Marine x2  
  100  14:56  SCV  
  101  15:17  Marine x2  
  97  15:22  Battlecruiser  
  97  15:32  Siege Tank  
  97  15:33  SCV  
  101  15:39  Supply Depot x2  
  101  15:40  Supply Depot  
  101  15:43  Refinery  
  101  15:46  Refinery  
  101  15:48  Missile Turret  
  101  15:51  Sensor Tower  
  101  16:00  SCV x3, Marine x2  
  101  16:01  Battlecruiser  
  101  16:02  Battlecruiser  
  118  16:15  SCV x2  
  118  16:18  Marine x2  
  122  16:26  Medivac  
  124  16:34  Siege Tank  
  124  16:36  Marine  
  109  16:51  Marine  
  109  16:54  Marine  
  78  17:08  Marine  
  40  18:06  Factory  
  40  18:10  Factory  
  40  18:14  Factory  
  40  18:15  Factory  
  40  18:18  SCV x2  
  42  18:29  Marine x2  
  42  18:30  SCV  
  44  18:47  Marine x2  
  46  18:54  Factory Reactor  
  46  18:55  Factory Tech Lab  
  46  19:05  Marine x2  
  48  19:13  Command Center  
Show
View Real Time Build Order
Export as new Build Order

Metasapien Zerg 

Build Orders: Pool First 

Get SALT Encoding   

  12  0:01  Drone  
  13  0:23  Spawning Pool  
  12  0:29  Drone  
  12  0:33  Extractor  
  12  0:34  Drone  
  13  0:43  Overlord  
  13  0:48  Drone  
  14  1:03  Drone  
  14  1:04  Drone  
  16  1:13  Drone  
  17  1:32  Hatchery  
  16  1:34  Zergling x2  
  17  1:44  Drone x2  
  19  1:50  Metabolic Boost  
  19  2:03  Drone  
  19  2:05  Overlord  
  20  2:20  Zergling x2  
  21  2:30  Drone  
  22  2:48  Drone  
  22  2:49  Queen  
  25  2:55  Hatchery  
  25  2:57  Queen  
  26  3:09  Drone x2  
  26  3:10  Drone  
  29  3:14  Overlord  
  29  3:16  Extractor  
  28  3:25  Drone x2  
  30  3:34  Roach Warren  
  30  3:41  Zergling x2  
  30  3:46  Drone  
  30  3:47  Drone  
  32  3:49  Extractor  
  32  3:50  Drone  
  32  3:51  Drone  
  32  3:54  Drone x2  
  35  3:58  Drone  
  35  4:01  Overlord  
  36  4:06  Zergling x2  
  36  4:07  Zergling x2  
  38  4:15  Roach  
  38  4:16  Roach  
  42  4:18  Drone  
  42  4:23  Drone x2  
  45  4:25  Drone  
  46  4:33  Overlord  
  46  4:37  Drone  
  47  4:38  Drone  
  47  4:39  Queen  
  50  4:54  Drone x3  
  50  4:56  Drone x5  
  58  5:00  Extractor  
  58  5:01  Overlord  
  57  5:11  Roach x3  
  57  5:12  Roach  
  65  5:15  Drone  
  67  5:28  Drone x2  
  67  5:29  Drone x3  
  67  5:34  Overlord x2, Roach  
  73  5:47  Lair  
  73  5:55  Evolution Chamber  
  72  5:58  Drone  
  72  6:00  Drone x3  
  72  6:01  Drone  
  72  6:02  Evolution Chamber  
  72  6:03  Roach  
  78  6:04  Drone x4  
  78  6:05  Roach x3  
  78  6:09  Extractor x2  
  86  6:19  Spine Crawler  
  85  6:29  Hatchery  
  85  6:32  Drone x2  
  86  6:34  Drone x4  
  86  6:38  Overlord x2  
  90  6:48  Overlord x2  
  90  6:56  Zergling x2  
  90  6:57  Zergling x4  
  90  6:58  Roach x2  
  97  7:03  Drone  
  97  7:05  Drone x2  
  97  7:07  Roach  
  97  7:08  Roach x3  
  108  7:09  Ravager  
  108  7:10  Ravager  
  108  7:12  Ravager x2  
  112  7:20  Hydralisk Den  
  111  7:23  Drone x2  
  111  7:26  Glial Reconstitution  
  114  7:32  Zerg Ground Armor Level 1  
  114  7:33  Zerg Missile Weapons Level 1  
  114  7:34  Overlord x2  
  114  7:35  Overlord x2  
  114  7:40  Queen, Pneumatized Carapace  
  114  7:43  Queen  
  118  7:45  Drone x2  
  118  7:46  Drone  
  121  7:52  Overlord x2  
  121  7:53  Overlord  
  121  7:56  Drone x3  
  124  7:58  Drone  
  124  7:59  Drone x2  
  124  8:02  Hydralisk  
  129  8:06  Muscular Augments  
  129  8:14  Roach, Hydralisk x2  
  129  8:15  Roach  
  129  8:16  Hydralisk  
  129  8:19  Hydralisk  
  140  8:34  Nydus Network  
  140  8:38  Hatchery  
  140  8:41  Extractor  
  137  8:42  Hydralisk x2  
  137  8:43  Hydralisk  
  137  8:44  Roach x2  
  147  8:48  Drone x2  
  147  8:49  Drone x2  
  147  8:55  Extractor  
  150  9:00  Burrow  
  150  9:01  Hydralisk  
  150  9:02  Hydralisk x2  
  156  9:04  Overlord  
  156  9:08  Overseer  
  153  9:42  Hydralisk x2  
  153  9:43  Overlord, Roach x4, Hydralisk x2  
  153  9:44  Overlord x2  
  169  9:59  Zerg Missile Weapons Level 2, Zerg Ground Armor Level 2  
  169  10:01  Hydralisk  
  169  10:02  Overlord x3, Roach x2  
  175  10:07  Overseer  
  175  10:09  Overseer  
  102  10:30  Hydralisk  
  102  10:31  Roach x4, Hydralisk x3  
  102  10:32  Zergling x6, Roach x2  
  102  10:33  Zergling x6  
  121  10:43  Queen  
  121  10:44  Drone x3  
  126  11:04  Infestation Pit, Tunneling Claws  
  126  11:05  Hydralisk x4  
  126  11:06  Roach x4, Hydralisk  
  143  11:12  Drone  
  143  11:14  Drone  
  145  11:18  Overlord  
  145  11:19  Overlord  
  145  11:33  Hydralisk x3  
  111  11:50  Hydralisk  
  111  11:51  Hydralisk x14  
  127  12:01  Hydralisk x4  
  127  12:02  Hydralisk  
  127  12:04  Roach  
  139  12:14  Overseer x4  
  105  12:34  Hydralisk x3  
  105  12:35  Roach x4, Hydralisk x3  
  105  12:36  Roach x2  
  117  12:47  Zergling x2  
  117  12:48  Zergling x24  
  117  12:50  Hive  
  130  13:01  Drone  
  131  13:20  Roach, Hydralisk x3  
  131  13:21  Roach x4  
  131  13:26  Hatchery  
  146  13:33  Zergling x2  
  147  13:34  Zergling x20  
  157  13:57  Infestor x2  
  157  13:58  Drone, Infestor  
  157  14:02  Hydralisk  
  176  14:03  Hydralisk x3  
  176  14:09  Extractor  
  170  14:11  Extractor  
  143  14:17  Hydralisk x3  
  143  14:18  Roach x4  
  156  14:29  Roach, Hydralisk x3  
  156  14:30  Roach  
  135  14:40  Queen x4  
  135  14:43  Drone  
  134  14:45  Drone  
  134  14:46  Hydralisk x4  
  134  14:47  Hydralisk x2  
  146  15:01  Hatchery  
  144  15:10  Hydralisk x3  
  144  15:11  Hydralisk, Roach x5  
  162  15:47  Hydralisk x2  
  162  15:48  Hydralisk x4  
  162  15:49  Hydralisk, Roach x6  
  190  15:50  Roach  
  190  15:52  Zerg Missile Weapons Level 3, Zerg Ground Armor Level 3  
  190  15:54  Zergling x4  
  190  15:55  Zergling x8  
  196  15:59  Adrenal Glands  
  196  16:14  Drone  
  196  16:18  Drone  
  196  16:22  Drone  
  196  16:25  Drone  
  198  16:28  Spore Crawler  
  197  16:41  Spore Crawler  
  197  16:44  Queen  
  197  16:45  Spine Crawler  
  197  16:50  Extractor  
  197  16:51  Drone x2, Extractor  
  197  16:52  Drone  
  198  16:55  Roach  
  184  17:28  Hydralisk x4  
  184  17:29  Hydralisk, Roach x4  
  198  17:41  Queen x2  
  198  17:42  Queen  
  158  18:01  Overseer x2  
  158  18:02  Overseer  
  158  18:04  Hydralisk  
  158  18:05  Roach x2, Hydralisk x4  
  166  18:06  Roach x3  
  166  18:11  Zergling x8  
  182  18:27  Zergling x2  
  182  18:28  Zergling x12  
  182  18:29  Zergling x4  
  173  18:42  Hatchery  
  140  18:51  Hydralisk x2  
  140  18:52  Roach x5, Hydralisk x2  
  140  18:53  Roach x2  
  140  18:55  Overlord  
  158  18:56  Queen x2  
  149  19:06  Hydralisk x3  
  149  19:07  Roach x2  
  150  19:21  Hydralisk x2  
  150  19:22  Roach x3  
  129  19:25  Overseer  
  129  19:26  Overseer  
  123  19:35  Roach, Hydralisk x3  
  123  19:36  Roach  
  108  19:55  Hydralisk x3  
  108  19:56  Roach x4  
  118  20:02  Roach x3  
  118  20:03  Roach x12  
  145  20:09  Roach  
Tags
 
Add a new tag
Caveats
  • Supply blocks, unpowered buildings, or Contaminate may cause inaccurate times.
  • Supply counts are checked every 10 seconds.